 Dungeon Crawl Stone Soup version 0.26.1-11-gd32895ea62 (webtiles) character file.

Game seed: 7991312640090618353

1479 Elleran the Cleaver (level 8, -21/67 HPs)
             Began as a Minotaur Fighter on May 3, 2021.
             Demolished by an orc warrior
             ... wielding a +0 battleaxe
              (24 damage)
             ... on level 6 of the Dungeon.
             The game lasted 00:11:44 (5473 turns).

Elleran the Cleaver (Minotaur Fighter)              Turns: 5473, Time: 00:11:46

Health: -21/67     AC:  8    Str: 23    XL:     8   Next: 50%
Magic:  7/7        EV:  9    Int:  5    God:
Gold:   396        SH: 11    Dex: 10    Spells: 7/7 levels left

rFire    . . .     SeeInvis +   a - +3 war axe
rCold    . . .     Faith    .   c - +1 kite shield
rNeg     . . .     Spirit   .   B - +0 scale mail
rPois    .         Reflect  .   v - +1 hat
rElec    .         Harm     .   (no cloak)
rCorr    .         Rampage  .   (no gloves)
Will     .....                  (no boots)
Stlth    ..........             (no amulet)
HPRegen  0.21/turn              g - ring of see invisible
MPRegen  0.10/turn              r - ring of wizardry

@: mighty
A: retaliatory headbutt, horns 2
a: no special abilities


You were on level 6 of the Dungeon.
You visited 1 branch of the dungeon, and saw 6 of its levels.

You collected 396 gold pieces.

Inventory:

Hand Weapons
 a - a +3 war axe (weapon)
 b - a +1 vampiric trident
 j - a +2 flail of protection
Missiles
 l - 10 poisoned darts (quivered)
 w - 7 boomerangs
Armour
 c - a +1 kite shield (worn)
 v - a +1 hat (worn)
 B - a +0 scale mail (worn)
Jewellery
 g - a ring of see invisible (left hand)
 r - a ring of wizardry (right hand)
Wands
 s - a wand of paralysis (5)
Scrolls
 f - a scroll of immolation
 h - 6 scrolls of remove curse
 i - 2 scrolls of magic mapping
 m - 2 scrolls of teleportation
 o - a scroll of enchant armour
 u - a scroll of fog {unknown}
Potions
 d - a potion of might
 e - 2 potions of lignification
 n - a potion of flight
 p - a potion of berserk rage {unknown}
 q - a potion of invisibility
 t - a potion of magic
 x - a potion of haste {unknown}
 z - a potion of heal wounds {unknown}
 A - a potion of curing {unknown}


   Skills:
 * Level 4.8 Fighting
 * Level 8.6 Axes
 * Level 4.9 Armour
 * Level 2.5 Dodging
 * Level 4.8 Shields
 + Level 5.2 Evocations


You had 7 spell levels left.
You didn't know any spells.
Your spell library contained the following spells:

 Spells                   Type           Power        Failure   Level
 Magic Dart               Conj           0%           86%         1
 Searing Ray              Conj           0%           94%         2
 Confusing Touch          Hex            0%           99%         3
 Dazzling Flash           Conj/Hex       0%           99%         3
 Gell's Gravitas          Tloc           0%           99%         3
 Fulminant Prism          Conj/Hex       0%           100%        4
 Iskenderun's Mystic Bla  Conj/Tloc      0%           100%        4
 Petrify                  Tmut/Erth      0%           100%        4
 Metabolic Englaciation   Hex/Ice        0%           100%        5
 Yara's Violent Unravell  Hex/Tmut       0%           100%        5


Dungeon Overview and Level Annotations

Branches:
Dungeon (6/15)
 Temple: D:4-7

Altars:
Dithmenos
Uskayaw

Annotations:
D:6 3 runed translucent doors, exclusion: 3 doors, kalagan's ghost, novice DECj


Innate Abilities, Weirdness & Mutations

You reflexively headbutt those who attack you in melee.
You have a pair of horns on your head.


Message History

The puff of frost hits you! You block the orc wizard's attack.
You slice the orc wizard!!
You kill the orc wizard!
Your scale mail prevents you from hitting the orc warrior.
The orc warrior hits you with a +0 battleaxe!!
* * * LOW HITPOINT WARNING * * *
As you read the scroll of fear, it crumbles to dust.
You assume a fearsome visage.
The orc warrior looks frightened!
Aiming: Paralyse
Press: ? - help, Shift-Dir - straight line, f - orc warrior
Aim: an orc warrior, wielding a +0 battleaxe and wearing a +0 chain mail (moderately wounded, fleeing, chance to affect: 62%)
Your attack snaps the orc warrior out of its fear.
The orc warrior resists with significant effort.
Cleave: a) +3 war axe
Press: ? - help, Dir - move target, f/p - orc warrior
Aim: an orc warrior, wielding a +0 battleaxe and wearing a +0 chain mail (moderately wounded)
You slash the orc warrior!
The orc warrior is severely wounded.
The orc warrior hits you with a +0 battleaxe!!
You die...

* * * * ###### * #..[.#
########## *
#....##########.........
*
#.....o@........########
* #...|############ *
#....# ###..# *******
##.#* *,,,,,* *** * #..#
*,,,,,* ****,, * ##.#*
*,,,,,***,,,,* * *..*
*,,,,,,,,,****
************ *#.#*
*,,,,,*****


You could see an orc warrior.

Vanquished Creatures
  Sigmund (D:4)
  Edmund (D:4)
  A water moccasin (D:4)
  An ogre (D:6)
  A bullfrog (D:6)
  3 wights (D:5)
  2 howler monkeys (D:4)
  4 hounds (D:5)
  2 orc priests (D:4)
  2 bullfrog skeletons
  3 jellies
  4 orc wizards
  A centaur skeleton (D:6)
  Natasha (thrice) (D:4)
  3 worker ants
  A worker ant zombie (D:5)
  4 adders
  2 white imps
  3 oozes
  An adder skeleton (D:4)
  An adder zombie (D:5)
  A worm (D:2)
  2 dart slugs (D:3)
  3 leopard geckos
  13 orcs
  3 ball pythons
  8 bats
  8 giant cockroaches
  8 goblins
  5 jackals
  4 kobolds
  2 quokkas
  A frilled lizard (D:5)
  A giant cockroach zombie (D:5)
  3 rats
106 creatures vanquished.

Vanquished Creatures (others)
  8 fungi (D:4)
  9 plants
17 creatures vanquished.

Grand Total: 123 creatures vanquished

Notes
Turn   | Place    | Note
-------+----------+-------------------------------------------
     0 | D:1      | Elleran the Minotaur Fighter began the quest for the Orb.
     0 | D:1      | Reached XP level 1. HP: 19/19 MP: 0/0
    90 | D:1      | Reached skill level 3 in Axes
   228 | D:1      | Reached XP level 2. HP: 26/26 MP: 1/1
   342 | D:1      | Reached skill level 4 in Axes
   601 | D:1      | Reached XP level 3. HP: 31/31 MP: 2/2
  1474 | D:2      | Found a shadowy altar of Dithmenos.
  1774 | D:3      | Reached skill level 5 in Axes
  1774 | D:3      | Reached XP level 4. HP: 39/39 MP: 3/3
  2458 | D:4      | Reached skill level 6 in Axes
  2458 | D:4      | Reached skill level 1 in Evocations
  2659 | D:4      | Noticed a water moccasin
  2668 | D:4      | Killed a water moccasin
  2669 | D:4      | Reached XP level 5. HP: 37/45 MP: 4/4
  2839 | D:4      | Noticed Sigmund
  2848 | D:4      | Killed Sigmund
  2849 | D:4      | Reached skill level 7 in Axes
  2849 | D:4      | Reached XP level 6. HP: 49/51 MP: 5/5
  2872 | D:4      | Noticed Edmund
  2877 | D:4      | Killed Edmund
  2878 | D:4      | Reached skill level 8 in Axes
  2951 | D:4      | Reached XP level 7. HP: 53/57 MP: 6/6
  3172 | D:4      | Noticed Natasha
  3177 | D:4      | Killed Natasha
  3598 | D:4      | Noticed Natasha
  3608 | D:4      | Killed Natasha
  3899 | D:4      | Noticed Natasha
  3905 | D:4      | Killed Natasha
  3994 | D:5      | Entered Level 5 of the Dungeon
  3994 | D:5      | Found a hide-covered altar of Uskayaw.
  4040 | D:5      | Reached skill level 5 in Evocations
  4477 | D:5      | Reached skill level 1 in Dodging
  4568 | D:5      | Reached XP level 8. HP: 66/66 MP: 7/7
  5271 | D:6      | Found a runed translucent gate.
  5271 | D:6      | Found a runed translucent gate.
  5271 | D:6      | Found a runed translucent gate.
  5273 | D:6      | Noticed kalagan's ghost (novice DECj)
  5468 | D:6      | HP: 2/67 [orc warrior/+0 battleaxe (27)]
  5473 | D:6      | Demolished by an orc warrior

Illustrated notes

Levels and vault maps discovered:
D:1:      wander_arrival_desolate, layout_loops_ring, minmay_worlds_worst_comb
D:2:      layout_loops_corners, nicolae_dithmenos_through_a_glass_darkly,
          guppyfry_early_lair_pool
D:3:      layout_basic
D:4:      layout_basic, serial_aquarium, aquarium_bridge_straight
          [aquarium_subvault_bridge, aquarium_subvault_balcony,
          aquarium_subvault_bridge, aquarium_subvault_wall], aquarium_window_1,
          aquarium_window_fake, aquarium_window_1, aquarium_window_corridor_1,
          aquarium_view_2e, aquarium_view_2d, aquarium_pool_corner,
          sigmund_edmund_badplayer, uniq_natasha
D:5:      layout_basic, basic_altar, serial_bayou_pond_b
D:6:      layout_rooms, gammafunk_ghost_necromancy, minmay_small_thing

Skill      XL: |  1  2  3  4  5  6  7  8 |
---------------+-------------------------+-----
Axes           | 3 4 5 6 7 8 |  8.6
Evocations     | 1 2 3 5 |  5.2
Armour         | 4 |  4.9
Dodging        | 1 2 |  2.5
Fighting       | 4 |  4.8
Shields        | 4 |  4.8

Action                   |  1- 3 |  4- 6 |  7- 9 || total
-------------------------+-------+-------+-------++-------
Melee: War axe           |    69 |    59 |   164 ||   292
       Headbutt          |     9 |    10 |    36 ||    55
       Trident           |       |       |     4 ||     4
Throw: Dart              |       |       |     4 ||     4
Evoke: Wand              |       |     4 |     1 ||     5
  Use: Scroll            |       |     5 |    11 ||    16
       Potion            |       |       |     1 ||     1
 Stab: Paralysed         |       |     9 |       ||     9
Armor: Scale mail        |    26 |    22 |    46 ||    94
Dodge: Dodged            |    18 |    13 |    27 ||    58
Block: Kite shield       |    37 |    18 |    73 ||   128
